 Dungeon Crawl Stone Soup version 0.24-a0-458-gfcb5e6da0e (webtiles) character file.

Game seed: 8365373619442928434

1781 MachJacob the Frost Mage (level 9, -1/74 HPs)
             Began as an Ogre Ice Elementalist on June 27, 2019.
             Was an Initiate of Fedhas.
             Slain by a hog (8 damage)
             ... on level 7 of the Dungeon.
             The game lasted 00:37:42 (10672 turns).

MachJacob the Frost Mage (Ogre Ice Elementalist)   Turns: 10672, Time: 00:37:43

Health: -1/74      AC:  3    Str: 14    XL:     9   Next: 8%
Magic:  0/16       EV: 10    Int: 18    God:    Fedhas [......]
Gold:   261        SH:  0    Dex: 10    Spells: 4/18 levels left

rFire    x . .     SeeInvis .   a - +3 dagger (venom)
rCold    + . .     Gourm    .   (no shield)
rNeg     . . .     Faith    .   q - +0 robe
rPois    .         Spirit   .   (helmet restricted)
rElec    .         Reflect  .   (no cloak)
rCorr    .         Harm     .   (gloves unavailable)
MR       .....                  (boots unavailable)
Stlth    ++........             (no amulet)
HPRegen  0.22/turn              F - ring of ice
MPRegen  0.15/turn              h - ring of wizardry

@: very slightly contaminated
A: large, unfitting armour, tough skin 1
a: Fungal Bloom, Renounce Religion


You were on level 7 of the Dungeon.
You worshipped Fedhas.
Fedhas was noncommittal.
You were very hungry.

You visited 2 branches of the dungeon, and saw 8 of its levels.

You collected 261 gold pieces.

Inventory:

Hand Weapons
 a - a +3 dagger of venom (weapon)
   (You took it off a kobold on level 3 of the Dungeon)
 b - a +1 dagger of electrocution
   (You took it off an orc wizard on level 6 of the Dungeon)
Missiles
 f - a poisoned dart (quivered)
 j - 284 stones
 u - 4 silver boomerangs
 A - 7 curare-tipped darts {!f}
Armour
 q - a +0 robe (worn)
Magical Staves
 w - an uncursed staff of conjuration {!a}
   (You found it on level 6 of the Dungeon)
Jewellery
 c - an uncursed ring of positive energy
   (You found it on level 1 of the Dungeon)
 h - a ring of wizardry (right hand)
   (You found it on level 1 of the Dungeon)
 i - an uncursed ring of protection from fire
   (You found it on level 7 of the Dungeon)
 F - a ring of ice (left hand)
   (You found it on level 7 of the Dungeon)
Wands
 d - a wand of iceblast (6)
   (You found it on level 7 of the Dungeon)
 t - a wand of flame (9)
   (You found it on level 5 of the Dungeon)
 v - a wand of digging (4)
   (You found it on level 5 of the Dungeon)
Scrolls
 k - 2 scrolls of amnesia
 l - 2 scrolls of enchant weapon
 o - 2 scrolls of teleportation {@r4}
 r - 2 scrolls of identify {@r1}
 y - a scroll of vulnerability {unknown}
 z - a scroll of immolation {!r}
 D - a scroll of brand weapon {unknown}
Potions
 g - a potion of agility
 m - 3 potions of curing {@q1}
 n - a potion of lignification {!q}
 s - a potion of resistance
 C - a potion of brilliance
 E - 4 potions of heal wounds {@q2}
 G - a potion of might
Comestibles
 e - 6 rations {!d}


   Skills:
 - Level 3.0 Dodging
 - Level 1.4 Stealth
 - Level 5.0 Spellcasting
 - Level 5.1 Conjurations
 + Level 1.7 Summonings
 - Level 8.1 Ice Magic


You had 4 spell levels left.
You knew the following spells:

 Your Spells              Type           Power        Failure   Level  Hunger
a - Freeze                Ice            ####         1%          1    None
b - Ozocubu's Armour      Chrm/Ice       ####....     3%          3    ##.....
c - Throw Icicle          Conj/Ice       #####...     3%          4    ####...
d - Summon Ice Beast      Ice/Summ       ####....     7%          4    ####...
x - Throw Frost           Conj/Ice       #####.       1%          2    #......

Your spell library contained the following spells:

 Spells                   Type           Power        Failure   Level  Hunger


Dungeon Overview and Level Annotations

Branches:
Dungeon (7/15)             Temple (1/1) D:7

Altars:
Ashenzari
Cheibriados
Dithmenos
Elyvilon
Fedhas
Gozag
Hepliaklqana
Kikubaaqudgha
Nemelex Xobeh
Okawaru
Qazlal
Sif Muna
Trog
Uskayaw
Vehumet
Wu Jian
Yredelemnul
Zin
The Shining One

Shops:
D:4 }

Annotations:
D:2 Sigmund
D:5 1 runed translucent door, exclusion: quasit, Crazy Yiuf
D:6 Grinder


Innate Abilities, Weirdness & Mutations

You are too large for most types of armour.
You have tough skin. (AC +1)


Message History

Throwing (i - inventory. (/) - cycle)
p - 2 javelins (quivered)
Aim: a human, wielding a +0 hand axe and wearing a +0 animal skin (moderately wounded)
You throw a javelin. The javelin pierces through the human.
The javelin pierces through the hog but does no damage.
The javelin pierces through the hog.
The human hits you with a +0 hand axe.
Throwing (i - inventory. (/) - cycle)
p - a javelin (quivered)
Aim: a human, wielding a +0 hand axe and wearing a +0 animal skin (heavily wounded)
You throw a javelin. The javelin closely misses the human.
The javelin pierces through the hog!
The javelin pierces through the hog.
The human hits you but does no damage.
Aim: a human, wielding a +0 hand axe and wearing a +0 animal skin (heavily wounded)
You feel a strong surge of power!
The puff of frost hits the human!
The human hits you but does no damage.
Aim: a human, wielding a +0 hand axe and wearing a +0 animal skin (almost dead)
You feel a strong surge of power!
The puff of frost hits the human.
You kill the human!
Your Summonings skill increases to level 1!
Aim: a hog (heavily wounded)
You feel a strong surge of power!
The puff of frost hits the hog!
You kill the hog!
Training target 8.0 for Ice Magic reached!
Your Ice Magic skill increases to level 8!
You have reached level 9!
Your experience leads to an increase in your attributes!
Increase (S)trength, (I)ntelligence, or (D)exterity?
You feel agile.
You feel stronger.
Aim: a hog (lightly wounded)
You feel a surge of power!
You freeze the hog! The hog bites you!
* * * LOW HITPOINT WARNING * * *
Aim: a hog (moderately wounded)
You feel a surge of power!
You freeze the hog! The hog bites you.
* * * LOW HITPOINT WARNING * * *
The hog bites you.
* * * LOW HITPOINT WARNING * * *
Aim: a hog (heavily wounded)
You feel a surge of power!
You freeze the hog. The hog bites you.
* * * LOW HITPOINT WARNING * * *
Wield which item (- for none, * to show all)? (? for menu, Esc to quit)
Okay, then.
Your +3 dagger of venom begins to drip with poison!
a - a +3 dagger of venom (weapon)
The hog bites you!
* * * LOW HITPOINT WARNING * * *
You hit the hog. The hog bites you.
* * * LOW HITPOINT WARNING * * *
You barely miss the hog. The hog bites you.
* * * LOW HITPOINT WARNING * * *
You hit the hog but do no damage. The hog bites you!
You die...
Fedhas appreciates your contribution to the ecosystem.

#......># #....#..#
#.....#### #####.#8#
#...(#'### ####### #.###
#........#
##.#####........#
#.....##........#
#.....#####.#####
#.....# #.# #.....# #h#
#.....# #@# #.....# #.#
#.....# #.########
#####.#
#.##.....######### #.##
#.##...รท))..)..... #..#
#.##.....########.
##.####.####'####.......
#..#........# #.##..##
##.#........# #.##..#


You could see a hog.

Vanquished Creatures
  A hog (D:7)
  A human (D:7)
  Duvessa (D:6)
  An orc warrior (D:6)
  An ice beast (D:6)
  An ogre (D:6)
  A big kobold (D:7)
  Blork the orc (D:6)
  A bullfrog (D:5)
  Dowan (D:6)
  A scorpion (D:6)
  A howler monkey (D:5)
  2 crimson imps (D:5)
  4 hounds
  2 centaur zombies (D:5)
  6 orc wizards
  4 worker ants
  A killer bee zombie (D:6)
  A hound zombie (D:5)
  A hound skeleton (D:5)
  Robin (D:2)
  4 adders
  An ooze (D:3)
  An adder zombie (D:3)
  3 worms
  3 dart slugs
  5 leopard geckos
  29 orcs
  5 giant cockroaches
  13 goblins
  11 hobgoblins
  6 jackals
  4 quokkas
  13 bats
  6 frilled lizards
  A jackal skeleton (D:6)
  18 kobolds
  8 rats
165 creatures vanquished.

Vanquished Creatures (others)
  A jackal (D:6)
  16 toadstools
17 creatures vanquished.

Grand Total: 182 creatures vanquished

Notes
Turn   | Place    | Note
-------+----------+-------------------------------------------
     0 | D:1      | MachJacob the Ogre Ice Elementalist began the quest for the
                  | Orb.
     0 | D:1      | Reached XP level 1. HP: 16/16 MP: 3/3
   256 | D:1      | Reached XP level 2. HP: 23/24 MP: 3/5
   259 | D:1      | Reached skill level 3 in Ice Magic
   314 | D:1      | Learned a level 2 spell: Throw Frost
   446 | D:1      | Reached skill level 1 in Conjurations
   909 | D:1      | Reached XP level 3. HP: 16/31 MP: 2/7
  1431 | D:2      | Learned a level 3 spell: Ozocubu's Armour
  1750 | D:2      | Reached XP level 4. HP: 39/39 MP: 3/8
  1809 | D:2      | Noticed Sigmund
  1941 | D:2      | Identified the +2 helmet of Complete Protection {Int+4
                  | Slay+3}
  1941 | D:2      | Noticed Robin
  1979 | D:2      | Killed Robin
  2699 | D:3      | Found a hide-covered altar of Uskayaw.
  2945 | D:3      | Reached XP level 5. HP: 45/45 MP: 9/9
  4043 | D:3      | Noticed a phantom
  4598 | D:3      | Found a radiant altar of Vehumet.
  4813 | D:4      | Found Welerrit's Gadget Emporium.
  4934 | D:4      | Reached skill level 4 in Ice Magic
  5198 | D:4      | Found a blossoming altar of Fedhas.
  5199 | D:4      | Found a bloodstained altar of Trog.
  5205 | D:4      | Became a worshipper of Fedhas Madash
  5495 | D:5      | Entered Level 5 of the Dungeon
  5537 | D:5      | Reached XP level 6. HP: 52/53 MP: 6/11
  6046 | D:5      | Found a runed translucent door.
  6047 | D:5      | Noticed Crazy Yiuf
  6216 | D:5      | Reached XP level 7. HP: 59/59 MP: 4/12
  6396 | D:5      | Found a snail-covered altar of Cheibriados.
  7009 | D:5      | Reached skill level 5 in Ice Magic
  7344 | D:6      | Found a shadowy altar of Dithmenos.
  7435 | D:6      | Noticed Dowan
  8183 | D:6      | Noticed Duvessa
  8224 | D:6      | Killed Duvessa
  8224 | D:6      | Reached XP level 8. HP: 61/67 MP: 3/15
  8278 | D:6      | Killed Dowan
  9114 | D:6      | Reached skill level 5 in Spellcasting
  9114 | D:6      | Reached skill level 5 in Conjurations
  9114 | D:6      | Reached skill level 6 in Ice Magic
  9377 | D:6      | Noticed Blork the orc
  9382 | D:6      | Killed Blork the orc
  9484 | D:6      | Noticed Grinder
  9566 | D:6      | Reached skill level 7 in Ice Magic
 10135 | D:7      | Found a staircase to the Ecumenical Temple.
 10139 | Temple   | Entered the Ecumenical Temple
 10578 | D:7      | Learned a level 4 spell: Throw Icicle
 10583 | D:7      | Learned a level 4 spell: Summon Ice Beast
 10664 | D:7      | Reached skill level 1 in Summonings
 10665 | D:7      | Reached skill level 8 in Ice Magic
 10665 | D:7      | Reached XP level 9. HP: 39/74 MP: 2/16
 10672 | D:7      | Slain by a hog

Levels and vault maps discovered:
D:1:      dpeg_arrival_rooms_a, layout_rooms, minivault_26,
          minmay_misc_feat_four_crosses, chequers_garden
D:2:      minmay_recursive_quarters, layout_rooms, uniq_sigmund, uniq_robin
D:3:      layout_basic, lemuel_coloured_pillars_altar,
          overflow_temple_1_default, first_ration
D:4:      layout_cave_pools, gammafunk_temple_overflow_pools, serial_shops, shop
D:5:      layout_loops_ring, kennysheep_slug_shrine, uniq_crazy_yiuf_cottage
D:6:      layout_loops_corners, kennysheep_mini_moat, lemuel_flame_loot_1,
          uniq_blork_the_orc, uniq_grinder, uniq_duvessa
D:7:      layout_basic, temple_statues, grunt_livestock, nrook_mini_backslash
Temple:   nicolae_temple_figure_eight

Skill      XL: |  1  2  3  4  5  6  7  8 |
---------------+-------------------------+-----
Dodging        | 2 3 |  3.0
Ice Magic      | 3 4 5 8 |  8.1
Conjurations   | 1 2 3 4 5 |  5.1
Spellcasting   | 3 4 5 |  5.0
Summonings     | 1 |  1.7
Stealth        | |  1.4

Action                   |  1- 3 |  4- 6 |  7- 9 || total
-------------------------+-------+-------+-------++-------
Melee: Dagger            |    81 |   125 |   103 ||   309
Throw: Stone             |    39 |    54 |     2 ||    95
       Javelin           |       |     5 |     8 ||    13
 Cast: Freeze            |    45 |    68 |    43 ||   156
       Throw Frost       |       |    32 |    50 ||    82
       Ozocubu's Armour  |       |       |     3 ||     3
Invok: Fungal Bloom      |       |     2 |     4 ||     6
Evoke: Wand              |       |       |     2 ||     2
  Use: Scroll            |     1 |    10 |     5 ||    16
 Stab: Sleeping          |     2 |     2 |     1 ||     5
  Eat: Chunk             |     3 |    13 |    12 ||    28
       Ration            |       |       |     1 ||     1
Armor: Robe              |    27 |    38 |    31 ||    96
Dodge: Dodged            |    80 |    93 |    75 ||   248

Table legend:
 A = Non-vault XP
 B = Vault XP
 C = Vault XP percentage of total XP
 D = Non-vault monster count
 E = Vault monster count
 F = Vault count percentage of total count
                 A         B        C        D         E       F
            +---------+---------+-------+---------+---------+-------
      Total |    1789 |     756 |  29.7 |     141 |      24 |  14.5
            +---------+---------+-------+---------+---------+-------
        D:1 |      66 |       7 |   9.6 |      36 |       4 |  10.0
        D:2 |      21 |      43 |  67.2 |      12 |      14 |  53.8
        D:3 |     108 |       0 |   0.0 |      35 |       0 |   0.0
        D:4 |      52 |       0 |   0.0 |       8 |       0 |   0.0
        D:5 |     524 |       4 |   0.8 |      20 |       1 |   4.8
        D:6 |     845 |     314 |  27.1 |      19 |       3 |  13.6
        D:7 |     173 |     388 |  69.2 |      11 |       2 |  15.4
            +---------+---------+-------+---------+---------+-------
